 Dungeon Sprint DCSS version 0.28-a0-79-g444c7a33f5 (webtiles) character file.

Game seed: 11561423143087907574

52150 Zeldest the Brawler (level 14, -4/75 HPs)
             Began as a Vine Stalker Transmuter on Aug 2, 2021.
             Was the Champion of Cheibriados.
             Killed from afar by a storm dragon (30 damage)
             ... with a bolt of lightning
             ... in the Dungeon (Sprint IX: "|||||||||||||||||||||||||||||").
             The game lasted 00:13:49 (1313 turns).

Zeldest the Brawler (Vine Stalker Transmuter)       Turns: 1313, Time: 00:13:50

Health: -4/75      AC: 16    Str: 33    XL:     14   Next: 62%
Magic:  0/26       EV: 23    Int: 28    God:    Cheibriados [******]
Gold:   793        SH:  0    Dex: 30    Spells: 14/17 levels left

rFire   + . .      SeeInvis .     - Unarmed
rCold   . . .      Faith    .   (no shield)
rNeg    . . .      Spirit   +   A - +2 chain mail {Will+}
rPois   .          Reflect  .   (helmet currently unavailable)
rElec   .          Harm     .   (no cloak)
rCorr   .          Rampage  .   h - +0 pair of gloves
Will    +++..      NoTele   +   (boots currently unavailable)
Stlth   ..........              s - amulet of magic regeneration
HPRegen 1.22/turn               x - ring of protection from fire
MPRegen 0.45/turn               y - ring of willpower

@: appendages, wereblooded, very slow
A: horns 2, talons 2, fangs 3, regeneration 1, magic shield, antimagic bite, no
potion heal 2, frail 1, wild magic 1, sturdy frame 1
a: End Transformation, Renounce Religion, Bend Time, Temporal Distortion,
Slouch, Step From Time


You were in the Dungeon.
You worshipped Cheibriados.
Cheibriados was exalted by your worship.
You had temporarily grown beastly horns and talons.
You visited 1 branch You collected 1815 gold pieces.
You spent 1022 gold pieces at shops.

Inventory:

Armour
 a - a +0 robe
 h - a +0 pair of gloves (worn)
 i - a +0 pair of boots (melded)
 j - a +1 scale mail
 p - a +0 helmet
 q - a +0 pair of boots
 z - +1 fire dragon scales
 A - a +2 chain mail of willpower (worn)
 B - a +1 helmet of intelligence (melded)
Jewellery
 k - a +3 ring of dexterity
 l - a +3 ring of strength
 m - a ring of fire
 s - an amulet of magic regeneration (around neck)
 x - a ring of protection from fire (left hand)
 y - a ring of willpower (right hand)
Wands
 g - a wand of acid (3)
 w - a wand of polymorph (7)
Scrolls
 e - 2 scrolls of amnesia
 f - 2 scrolls of blinking
 n - 4 scrolls of enchant armour
 t - a scroll of immolation {unknown}
 u - a scroll of brand weapon {unknown}
 D - a scroll of fog
Potions
 b - 4 potions of curing
 c - a potion of invisibility
 d - 2 potions of magic
 o - a potion of attraction
 r - a potion of lignification
 C - a potion of resistance
 E - a potion of might {unknown}
Miscellaneous
 v - a phantom mirror


   Skills:
 + Level 14.2 Fighting
 + Level 13.1 Armour
 + Level 13.3 Dodging
 + Level 19.1 Unarmed Combat
 - Level 2.1 Spellcasting
 + Level 15.5 Transmutations
 + Level 15.2 Invocations
 + Level 11.0 Evocations


You had 14 spell levels left.
You knew the following spells:

 Your Spells              Type           Power      Damage    Failure   Level
a - Beastly Appendage     Tmut           100%       N/A       1%          1
b - Wereblood             Tmut           86%        N/A       1%          2

Your spell library contained the following spells:

 Spells                   Type           Power      Damage    Failure   Level
 Spider Form              Tmut/Pois      28%        N/A       4%          3
 Ice Form                 Ice/Tmut       57%        N/A       13%         4
 Slow                     Hex            3%         N/A       41%         2
 Confusing Touch          Hex            3%         N/A       63%         3
 Vampiric Draining        Necr           1%         2d6       63%         3


Dungeon Overview and Level Annotations

Branches:
Dungeon (1/1)

Altars:
Cheibriados
Dithmenos
Elyvilon
Fedhas
Gozag
Hepliaklqana
Kikubaaqudgha
Makhleb
Nemelex Xobeh
Okawaru
Qazlal
Ru
Sif Muna
Trog
Uskayaw
Vehumet
Wu Jian
Xom
Yredelemnul
Zin
The Shining One
Beogh
Jiyva
Lugonu

Shops:
D (*=!


Innate Abilities, Weirdness & Mutations

You have temporarily grown beastly horns and talons.
You have razor-sharp teeth.
Your natural rate of healing is unusually fast.
When hurt, damage is shared between your health and your magic reserves.
Your bite disrupts and absorbs the magic of your enemies.
Potions cannot restore your health.
You are frail. (-10% HP)
Your spells are a little harder to cast, but a little more powerful.
Your movements are slightly less encumbered by armour. (ER -2)


Message History

Things that are here:
a +0 troll leather armour; a fire dragon corpse; a deep troll corpse You hit the stone giant.
You claw the stone giant.
You headbutt the stone giant, but do no damage.
You bite the stone giant! You drain its power.
You feel invigorated.
The stone giant is almost dead.
A spriggan berserker comes into view.
It is wielding a +1 antimagic quarterstaff.
The stone giant closely misses you.
The spriggan berserker shouts!
You punch the stone giant! You claw the stone giant.
You feel a bit better.
You kill the stone giant!
Cheibriados appreciates the change of pace.
The spriggan berserker mumbles some strange prayers to Trog.
Okay, then.
Okay, then.
You can feel time thicken for a moment.
The great orb of eyes pulsates ominously.
You hear an angry growl.
The spriggan berserker utters an invocation to Trog.
You punch the purple very ugly thing! You claw the purple very ugly thing!
Your headbutt misses the purple very ugly thing.
You bite the purple very ugly thing!
You feel a bit better.
You kill the purple very ugly thing!
Cheibriados thoroughly appreciates the change of pace.
Your Evocations skill increases to level 11!
You hit the storm dragon but do no damage.
You claw the storm dragon. Your punch misses the storm dragon.
You bite the storm dragon, but do no damage.
The storm dragon is moderately wounded.
The spriggan berserker invokes Trog's protection!
You closely miss the storm dragon.
The polar bear growls angrily.
You claw the storm dragon, but do no damage.
You headbutt the storm dragon, but do no damage.
You bite the storm dragon, but do no damage.
The storm dragon is moderately wounded.
You howl as the wereblood boils in your veins!
The storm dragon breathes lightning at you.
The bolt of lightning hits you!!!
You die...

▓.♣.♣.▓[▓.▓.▓.▓.
▓h▓.♣'♣.▓[▓.▓.▓.▓.
▓i▓.▓†▓.▓.▓)▓.▓.▓.
▓.▓.▓†▓.▓.▓.▓.▓.▓.
▓D▓.▓)▓.▓)▓.▓.▓.▓†
▓G▓.▓†▓.▓)▓.▓)▓.▓†
▓.▓.▓.▓.▓)▓.▓)▓.▓.
▓D▓.▓.▓.▓)▓.▓)▓.▓.
▓@▓.▓.▓.▓)▓.▓)▓.▓.
▓'▓.▓)▓.▓)▓.▓)▓.▓?
▓.▓.▓.▓.▓)▓.▓)▓.▓.
▓.▓.▓†▓.▓)▓.▓)▓.▓(
▓.▓.▓§▓.▓.▓.▓.▓.▓.
▓.▓.▓.▓.▓=▓.▓)▓.▓.
▓.▓.▓.▓)▓.▓.▓.▓.▓!
▓.▓.▓.▓.▓.▓.▓.▓.▓!
▓.▓.▓.▓.▓.▓.▓.▓.▓!


You could see a storm dragon (catching breath), an ice dragon, a great orb of
eyes, a spriggan berserker (regenerating, strong-willed) and a polar bear
(summoned, berserk).

Vanquished Creatures
  Gastronok (D)
  Frances (D)
  An emperor scorpion (D)
  4 very ugly things (D)
  3 stone giants (D)
  Azrael (D)
  A dire elephant (D)
  A spark wasp (D)
  A bunyip (D)
  3 ettins (D)
  A fire dragon (D)
  A great orb of eyes (D)
  A rakshasa (D)
  A ghost crab (D)
  An ice dragon (D)
  A hydra (D)
  Erolcha (D)
  A merfolk avatar (D)
  A catoblepas (D)
  3 centaur warriors (D)
  A merfolk aquamancer (D)
  An alligator (D)
  A tengu warrior (D)
  A deep troll earth mage (D)
  Nergalle (D)
  4 shock serpents (D)
  A skeletal warrior (D)
  A bog body (D)
  10 orc knights (D)
  2 wolf spiders (D)
  4 manticores (D)
  A moth of wrath (D)
  2 ugly things (D)
  7 elephants (D)
  A merfolk siren (D)
  2 black mambas (D)
  2 naga magi (D)
  4 cane toads (D)
  A rime drake (D)
  A yaktaur (D)
  Psyche (D)
  An efreet (D)
  2 komodo dragons (D)
  A troll (D)
  A merfolk (D)
  A hornet (D)
  A jumping spider (D)
  A snapping turtle (D)
  A shadow (D)
  A spriggan (D)
  A redback (D)
  A wyvern (D)
  3 basilisks (D)
  2 tarantellas (D)
  A wraith (D)
  2 yaks (D)
  4 fire elementals (D)
  2 vampire mosquitoes (D)
  A naga (D)
  2 hell hounds (D)
  5 water moccasins (D)
  19 orc warriors (D)
  A sky beast (D)
  A bullfrog (D)
  4 orc priests (D)
  2 orc wizards (D)
  A gnoll (D)
  A dart slug (D)
  7 orcs (D)
  A bat skeleton (D)
  A goblin (D)
  A ball python (D)
  A ball python skeleton (D)
  2 kobolds (D)
154 creatures vanquished.

Vanquished Creatures (others)
  An alligator (D)
  A goliath frog (D)
  A hornet (D)
3 creatures vanquished.

Grand Total: 157 creatures vanquished

Notes
Turn   | Place    | Note
-------+----------+-------------------------------------------
     0 | D        | Zeldest the Vine Stalker Transmuter began the quest for the
                  | Orb.
     0 | D        | Reached XP level 1. HP: 9/9 MP: 4/4
     9 | D        | Reached skill level 4 in Unarmed Combat
    17 | D        | Reached XP level 2. HP: 10/14 MP: 4/6
    24 | D        | Learned a level 2 spell: Wereblood
    28 | D        | Noticed a sky beast
    33 | D        | Reached skill level 5 in Unarmed Combat
    34 | D        | Reached skill level 6 in Unarmed Combat
    39 | D        | Killed a sky beast
    40 | D        | Reached skill level 9 in Unarmed Combat
    40 | D        | Reached XP level 3. HP: 11/17 MP: 2/7
    40 | D        | Gained mutation: Your natural rate of healing is unusually
                  | fast. [Vine Stalker growth]
    40 | D        | Reached XP level 4. HP: 14/21 MP: 2/8
    43 | D        | Found a snail-covered altar of Cheibriados.
    43 | D        | Found a shadowy altar of Dithmenos.
    43 | D        | Found a white marble altar of Elyvilon.
    43 | D        | Found a blossoming altar of Fedhas.
    43 | D        | Found an opulent altar of Gozag.
    44 | D        | Found a hazy altar of Hepliaklqana.
    45 | D        | Found a viscous altar of Jiyva.
    46 | D        | Found an ancient bone altar of Kikubaaqudgha.
    47 | D        | Became a worshipper of Cheibriados the Contemplative
    48 | D        | Found a corrupted altar of Lugonu.
    49 | D        | Found a burning altar of Makhleb.
    50 | D        | Found a sparkling altar of Nemelex Xobeh.
    51 | D        | Found an iron altar of Okawaru.
    52 | D        | Found a stormy altar of Qazlal.
    53 | D        | Found a sacrificial altar of Ru.
    54 | D        | Found a shimmering blue altar of Sif Muna.
    55 | D        | Found a bloodstained altar of Trog.
    56 | D        | Found a hide-covered altar of Uskayaw.
    57 | D        | Found a radiant altar of Vehumet.
    58 | D        | Found an ornate altar of the Wu Jian Council.
    59 | D        | Found a shimmering altar of Xom.
    60 | D        | Found a basalt altar of Yredelemnul.
    61 | D        | Found a glowing silver altar of Zin.
    62 | D        | Found a glowing golden altar of the Shining One.
   109 | D        | Noticed an orc warrior
   109 | D        | Noticed a wyvern
   109 | D        | Noticed an orc warrior
   109 | D        | Noticed a yak
   109 | D        | Noticed a hornet
   111 | D        | Killed a wyvern
   112 | D        | Reached skill level 10 in Unarmed Combat
   112 | D        | Reached XP level 5. HP: 21/28 MP: 5/9
   112 | D        | Reached XP level 6. HP: 24/32 MP: 5/10
   112 | D        | Killed a hornet
   112 | D        | Reached * piety under Cheibriados
   112 | D        | Killed a yak
   112 | D        | Reached ** piety under Cheibriados
   113 | D        | Reached skill level 5 in Transmutations
   113 | D        | Reached XP level 7. HP: 30/38 MP: 5/11
   115 | D        | Reached skill level 5 in Dodging
   115 | D        | Reached skill level 11 in Unarmed Combat
   115 | D        | Reached skill level 5 in Invocations
   117 | D        | Reached skill level 5 in Fighting
   130 | D        | Noticed a skeletal warrior
   130 | D        | Noticed a vampire mosquito
   130 | D        | Noticed a shadow
   130 | D        | Noticed a troll
   130 | D        | Noticed a brown ugly thing
   130 | D        | Noticed a wraith
   135 | D        | Killed a wraith
   135 | D        | Reached *** piety under Cheibriados
   136 | D        | Gained mutation: You have razor-sharp teeth. [Vine Stalker
                  | growth]
   136 | D        | Reached XP level 8. HP: 44/44 MP: 11/13
   138 | D        | Killed a brown ugly thing
   139 | D        | Reached skill level 5 in Armour
   141 | D        | Killed a troll
   143 | D        | Killed a shadow
   144 | D        | Reached XP level 9. HP: 32/49 MP: 6/15
   145 | D        | Reached **** piety under Cheibriados
   148 | D        | Killed a skeletal warrior
   149 | D        | Reached skill level 12 in Unarmed Combat
   256 | D        | Noticed a cane toad
   256 | D        | Noticed a komodo dragon
   257 | D        | Killed a komodo dragon
   258 | D        | Noticed a cane toad
   261 | D        | Reached ***** piety under Cheibriados
   267 | D        | Killed a cane toad
   268 | D        | Reached XP level 10. HP: 46/56 MP: 14/17
   269 | D        | Killed a cane toad
   270 | D        | Reached skill level 13 in Unarmed Combat
   285 | D        | Noticed a cane toad
   285 | D        | Noticed a catoblepas
   287 | D        | Noticed a cane toad
   292 | D        | Killed a catoblepas
   292 | D        | Reached ****** piety under Cheibriados
   302 | D        | Reached skill level 10 in Transmutations
   302 | D        | Killed a cane toad
   303 | D        | Reached skill level 14 in Unarmed Combat
   304 | D        | Killed a cane toad
   316 | D        | Noticed an elephant
   316 | D        | Noticed an elephant
   316 | D        | Noticed a dire elephant
   316 | D        | Noticed an elephant
   316 | D        | Noticed an elephant
   316 | D        | Noticed an elephant
   320 | D        | Killed an elephant
   326 | D        | Killed a dire elephant
   327 | D        | Reached skill level 10 in Invocations
   327 | D        | Reached XP level 11. HP: 62/62 MP: 19/19
   331 | D        | Reached skill level 15 in Unarmed Combat
   347 | D        | Reached skill level 10 in Fighting
   347 | D        | Reached skill level 1 in Evocations
   397 | D        | Noticed Gastronok
   409 | D        | Killed Gastronok
   419 | D        | Noticed Erolcha
   422 | D        | Killed Erolcha
   478 | D        | Noticed a stone giant
   480 | D        | Noticed an orc knight
   488 | D        | Killed a stone giant
   489 | D        | Reached skill level 10 in Dodging
   489 | D        | Reached skill level 16 in Unarmed Combat
   489 | D        | Killed an orc knight
   490 | D        | Reached XP level 12. HP: 25/69 MP: 21/21
   531 | D        | Reached skill level 10 in Armour
   543 | D        | Reached skill level 5 in Evocations
   578 | D        | Found Taowed's Distillery.
   626 | D        | Found Boomaybi's Jewellery Shop.
   631 | D        | Reached skill level 17 in Unarmed Combat
   633 | D        | Found Patar's Assorted Antiques.
   642 | D        | Found Retuory's Antique Weapon Shop.
   670 | D        | Bought a potion of lignification for 36 gold pieces
   678 | D        | Bought a thick fluorescent amulet for 95 gold pieces
   683 | D        | Bought a scroll labelled JAIRAE JOFO for 19 gold pieces
   683 | D        | Bought a scroll labelled BOHAGI UJOIDE for 19 gold pieces
   683 | D        | Bought a phantom mirror for 760 gold pieces
   683 | D        | Bought a long glass wand for 76 gold pieces
   683 | D        | Bought a sedimented amethyst potion for 17 gold pieces
   684 | D        | Gained mutation: Your spells are a little harder to cast,
                  | but a little more powerful. [potion of mutation]
   684 | D        | Gained mutation: You are frail. (-10% HP) [potion of
                  | mutation]
   684 | D        | Gained mutation: Your movements are slightly less
                  | encumbered by armour. (ER -2) [potion of mutation]
   742 | D        | Noticed Psyche
   749 | D        | Killed Psyche
   844 | D        | Noticed a centaur warrior
   844 | D        | Noticed a tengu warrior
   845 | D        | Noticed a centaur warrior
   854 | D        | Noticed a centaur warrior
   855 | D        | Noticed a cyan very ugly thing
   857 | D        | Killed a tengu warrior
   858 | D        | Noticed a purple very ugly thing
   858 | D        | Noticed an ettin
   861 | D        | Killed a centaur warrior
   863 | D        | Noticed an ettin
   867 | D        | Killed a brown very ugly thing
   870 | D        | Killed a purple very ugly thing
   871 | D        | Reached XP level 13. HP: 49/66 MP: 16/23
   874 | D        | Noticed a rakshasa
   875 | D        | Killed an ettin
   876 | D        | Killed an ettin
   881 | D        | Killed a rakshasa
   885 | D        | Noticed an ettin
   885 | D        | Noticed a stone giant
   892 | D        | Killed a stone giant
   895 | D        | Killed an ettin
   946 | D        | Noticed Frances
   959 | D        | Killed Frances
   960 | D        | Reached skill level 18 in Unarmed Combat
   976 | D        | Noticed Nergalle
   982 | D        | Killed Nergalle
  1058 | D        | Noticed a bunyip
  1066 | D        | Killed a bunyip
  1107 | D        | Reached XP level 14. HP: 65/73 MP: 14/25
  1131 | D        | Noticed an emperor scorpion
  1137 | D        | Reached skill level 10 in Evocations
  1138 | D        | Killed an emperor scorpion
  1160 | D        | Reached skill level 15 in Transmutations
  1196 | D        | Noticed Azrael
  1207 | D        | Killed Azrael
  1289 | D        | Noticed a stone giant
  1289 | D        | Noticed a purple very ugly thing
  1290 | D        | Noticed a purple very ugly thing
  1296 | D        | Killed a purple very ugly thing
  1299 | D        | Reached skill level 15 in Invocations
  1299 | D        | Noticed a storm dragon
  1303 | D        | Reached skill level 19 in Unarmed Combat
  1309 | D        | Killed a stone giant
  1311 | D        | Killed a purple very ugly thing
  1313 | D        | Killed from afar by a storm dragon

Illustrated notes

Levels and vault maps discovered:
D:        linesprint [early_d, line_temple, items_1, d_10, items_2, lair_1,
          lair_end, items_3, orc_1, orc_end, items_4, d_15, swamp_1, shoals_1,
          snake_1, spider_1, d_20, vaults_1, items_5, swamp_end, shoals_end,
          snake_end, spider_end, vaults_end, d_27, items_6, zot_1, zot_end,
          crypt_end, forest_end, elf_end, slime_end, tomb_end, abyss_end,
          pan_hell_end]

Skill      XL: |  1  2  3  4  5  6  7  8  9 10 11 12 13 14 |
---------------+-------------------------------------------+-----
Unarmed Combat | 4 9 10 11 12 14 16 17 18 19 | 19.1
Fighting       | 2 4 5 6 7 9 10 11 13 14 | 14.2
Armour         | 2 4 5 7 8 9 11 12 13 | 13.1
Dodging        | 3 4 5 6 7 9 10 11 12 13 | 13.3
Transmutations | 3 5 6 7 9 10 11 13 14 15 | 15.5
Invocations    | 2 4 5 6 8 10 11 12 14 15 | 15.2
Evocations     | 4 7 9 11 | 11.0
Spellcasting   | |  2.1

Action                   |  1- 3 |  4- 6 |  7- 9 | 10-12 | 13-15 || total
-------------------------+-------+-------+-------+-------+-------++-------
Melee: Unarmed           |    18 |       |    28 |   122 |   102 ||   270
       Kick              |     6 |       |    14 |    75 |    56 ||   151
       Headbutt          |     3 |       |    17 |    48 |    36 ||   104
       Bite              |       |       |    11 |    62 |    53 ||   126
       Punch             |       |       |       |    10 |    16 ||    26
 Cast: Beastly Appendage |     2 |       |     3 |    11 |     8 ||    24
       Wereblood         |     1 |       |     2 |     9 |     6 ||    18
Invok: Slouch            |       |       |       |    10 |    12 ||    22
       Temporal Distorti |       |       |       |     2 |     1 ||     3
       Bend Time         |       |       |       |     1 |       ||     1
Evoke: Wand              |       |     3 |     2 |       |     2 ||     7
  Use: Potion            |     2 |       |       |     3 |     1 ||     6
       Scroll            |       |       |       |     2 |       ||     2
Armor: Robe              |     3 |       |       |       |       ||     3
       Scale mail        |       |       |     5 |    10 |       ||    15
       Chain mail        |       |       |       |     4 |    22 ||    26
Dodge: Dodged            |     3 |     3 |     5 |    74 |    88 ||   173

Table legend: (Time is in decaauts)
 A = Elapsed time spent in this place.
 B = Non-inter-level travel time spent in this place.
 C = Inter-level travel time spent in this place.
 D = Time resting spent in this place.
 E = Time spent auto-exploring this place.
 F = Levels seen in this place.
 G = Mean time per level.
                   A        B        C        D        E       F      G
               +--------+--------+--------+--------+--------+-----+--------+
         Total |   1989 |   1989 |      0 |      0 |      0 |   1 | 1989.0 |
       Dungeon |   1989 |   1989 |      0 |      0 |      0 |   1 | 1989.0 |
               +--------+--------+--------+--------+--------+-----+--------+

Top non-repeatable levels by time:
       D: 1989 daAuts
